 Dungeon Crawl Stone Soup version 0.23-a0-296-ga3b1b28 (webtiles) character file.

44 mhoghedin the Charlatan (level 3, -15/21 HPs)
             Began as a Kobold Artificer on Oct 5, 2018.
             Demolished by an ogre
             ... wielding a +0 giant club
              (26 damage)
             ... on level 1 of the Dungeon.
             The game lasted 00:02:06 (1103 turns).

mhoghedin the Charlatan (Kobold Artificer)          Turns: 1103, Time: 00:02:07

Health: -15/21     AC:  3    Str: 10    XL:     3   Next: 87%
Magic:  6/6        EV: 15    Int: 12    God:
Gold:   44         SH:  0    Dex: 15    Spells: 2/2 levels left

rFire    . . .     SeeInvis .   a - +0 short sword
rCold    . . .     Gourm    .   (shield restricted)
rNeg     . . .     Faith    .   b - +0 leather armour
rPois    .         Spirit   .   (no helmet)
rElec    .         Reflect  .   (no cloak)
rCorr    .         Harm     .   (no gloves)
MR       .....                  (no boots)
Stlth    ++........             (no amulet)
HPRegen  0.07/turn              n - ring of flight {+Fly, !d}
MPRegen  0.10/turn              (no ring)

@: no status effects
A: small, carnivore
a: Evoke Flight


You were on level 1 of the Dungeon.
You were not hungry.

You visited 1 branch of the dungeon, and saw 2 of its levels.

You collected 44 gold pieces.

Inventory:

Hand Weapons
 a - a +0 short sword (weapon)
Missiles
 p - 2 needles of confusion
Armour
 b - a +0 leather armour (worn)
Jewellery
 n - a ring of flight (left hand) {+Fly, !d}
   (You found it on level 1 of the Dungeon)
Wands
 c - a wand of flame (10)
 d - a wand of enslavement (13)
 e - a wand of random effects (14)
Scrolls
 k - a scroll of identify {unknown}
 l - a scroll of teleportation {unknown}
 o - a scroll of amnesia {unknown}
Potions
 g - a potion of ambrosia {unknown}
 h - 2 potions of agility {unknown}
 i - 2 potions of invisibility {unknown}
 j - a potion of berserk rage {unknown}
 m - a potion of degeneration {unknown}
Comestibles
 f - 2 rations


   Skills:
 + Level 1.8 Fighting
 + Level 2.3 Short Blades
 + Level 3.0 Dodging
 + Level 2.5 Stealth
 + Level 4.0 Evocations


You had 2 spell levels left.
You didn't know any spells.
Your spell library was empty.

Dungeon Overview and Level Annotations

Branches:
Dungeon (2/15)

Altars:


Innate Abilities, Weirdness & Mutations

You are small and have problems with some larger weapons.
You are carnivorous and can eat meat at any time.


Message History

You hit the kobold.
You kill the kobold!
You hit the frilled lizard.
You kill the frilled lizard!
No target in view!
No target in view!
No target in view!
No target in view!
No target in view!
No target in view!
No target in view!
No target in view!
No target in view!
No target in view!
No target in view!
No target in view!
There is a stone staircase leading up, spattered with blood here.
Things that are here:
a frilled lizard corpse; a kobold corpse You butcher the frilled lizard corpse.
q - a chunk of flesh {@w0}
There is a stone staircase leading up, spattered with blood here.
Things that are here:
a frilled lizard skeleton; a kobold corpse Eating a chunk of flesh {@w0}.
You eat the chunk of flesh {@w0}.
This raw flesh tastes great.
There is a stone staircase leading down here.
You see here a chain mail.
You see here a dagger.
You now have 44 gold pieces (gained 9).
h - 2 sapphire potions (gained 1)
A goblin comes into view.
You regained 2 hp, and now have 20/21 hp.
There are monsters nearby!
There are monsters nearby!
The goblin shouts!
Okay, then.
Unknown command.
The kobold hits you with a dagger.
A giant cockroach comes into view.
An ogre comes into view. It is wielding a giant club.
You take 1 damage, and have 19/21 hp.
You closely miss the kobold. The kobold completely misses you.
You closely miss the kobold. The kobold misses you.
You hit the kobold but do no damage. The kobold barely misses you.
The goblin closely misses you.
Aim: a goblin
Okay, then.
Unknown command.
The kobold barely misses you.
Aim: a kobold, wielding a dagger and wearing a robe (chance to defeat MR: 74%)
The kobold is charmed.
The giant cockroach splashes around in the water.
The goblin hits you but does no damage.
The giant cockroach barely misses your kobold.
Your kobold splashes around in the water.
The goblin closely misses you. The giant cockroach bites your kobold.
Your kobold barely misses the giant cockroach.
Aim: a goblin (chance to defeat MR: 74%)
The goblin is charmed.
The giant cockroach bites your kobold but does no damage.
Your kobold hits the giant cockroach but does no damage.
The ogre hits your goblin with a giant club!!
Your goblin dies!
The giant cockroach barely misses your kobold.
Your kobold barely misses the giant cockroach.
The giant cockroach barely misses your kobold.
You see here a frilled lizard skeleton.
Aim: an ogre, wielding a giant club The ogre flickers and vanishes!
Deactivating autopickup; reactivate with Ctrl-A.
Your kobold closely misses the giant cockroach.
The giant cockroach splashes around in the water.
Your kobold hits the giant cockroach with a dagger.
The giant cockroach bites your kobold but does no damage.
The giant cockroach closely misses your kobold.
Your kobold hits the giant cockroach but does no damage.
You hear a splashing noise.
Your kobold hits something with a dagger.
Something closely misses your kobold.
You see here a dagger.
You see here a chain mail.
You see here a frilled lizard skeleton.
You feel a bit more experienced.
There is a stone staircase leading up, spattered with blood here.
Things that are here:
a frilled lizard skeleton; a kobold corpse Something barely misses you.
You climb upwards.
There is a stone staircase leading down here.
Health restored: 21 You start waiting.
Something hits you!
You take 10 damage, and have 11/21 hp.
MASSIVE DAMAGE!!
Unknown command.
Unknown command.
Something hits you!!
Ouch! That really hurt!
You die...

.# #.# ##...###....## #.# .# #.#
###...####..###.# .### #.#
###.###....##.# ...###.###
#.##..##....# .....#...##
##..#.#####..# .....#....#
##............###
###....#..###...............##
..#....##.................#..###
..#....###......@..........#...#
.....#.# ##....>.....).........#
.....#.# #...............##...#
.....#.# #...............######
..#....####...............#
.<#......##.............#.#
###....#.###....#########.#
.....#...........########.#
.....#.#####............#.##


There were no monsters in sight!

Vanquished Creatures
  Natasha (D:2)
  An ooze (D:2)
  2 bats
  2 goblins (D:1)
  2 hobgoblins (D:1)
  3 frilled lizards (D:2)
  2 kobolds (D:2)
  4 rats
17 creatures vanquished.

Vanquished Creatures (collateral kills)
  A giant cockroach (D:2)
1 creature vanquished.

Vanquished Creatures (others)
  A goblin (D:2)
1 creature vanquished.

Grand Total: 19 creatures vanquished

Notes
Turn   | Place    | Note
-------+----------+-------------------------------------------
     0 | D:1      | mhoghedin the Kobold Artificer began the quest for the Orb.
     0 | D:1      | Reached XP level 1. HP: 12/12 MP: 3/3
   248 | D:1      | Reached XP level 2. HP: 14/16 MP: 4/4
   287 | D:1      | HP: 3/16 [hobgoblin/club (5)]
   806 | D:2      | Reached skill level 2 in Stealth
   817 | D:2      | Noticed Natasha
   821 | D:2      | Killed Natasha
   821 | D:2      | Reached skill level 2 in Short Blades
   821 | D:2      | Reached skill level 3 in Dodging
   821 | D:2      | Reached skill level 4 in Evocations
   821 | D:2      | Reached XP level 3. HP: 8/21 MP: 4/6
  1076 | D:2      | Noticed an ogre
  1103 | D:1      | Demolished by an ogre

Vault maps used:
D:1:      minmay_arrival_open_corners
D:2:      serial_park_tiny_pond, uniq_natasha

Skill      XL: |  1  2 |
---------------+-------+-----
Stealth        | 2 |  2.5
Short Blades   | 2 |  2.3
Dodging        | 3 |  3.0
Evocations     | 4 |  4.0
Fighting       | |  1.8

Action                   || total
-------------------------++-------
Melee: Short sword       ||    48
Evoke: Wand              ||     8
 Stab: Sleeping          ||     1
  Eat: Chunk             ||     1
Armor: Leather armour    ||    11
Dodge: Dodged            ||    30

Table legend:
 A = Non-vault XP
 B = Vault XP
 C = Vault XP percentage of total XP
 D = Non-vault monster count
 E = Vault monster count
 F = Vault count percentage of total count
                 A         B        C        D         E       F
            +---------+---------+-------+---------+---------+-------
      Total |      29 |      35 |  54.7 |      17 |       1 |   5.6
            +---------+---------+-------+---------+---------+-------
        D:1 |      12 |       0 |   0.0 |       7 |       0 |   0.0
        D:2 |      17 |      35 |  67.3 |      10 |       1 |   9.1
            +---------+---------+-------+---------+---------+-------

Vault maps used:
D:1:      minmay_arrival_open_corners
D:2:      serial_park_tiny_pond, uniq_natasha

Table legend:
 A = Turns spent in this place as a percentage of turns spent in the entire game.
 B = Non-inter-level travel turns spent in this place as a percentage of non-inter-level travel turns spent in the entire game.
 C = Inter-level travel turns spent in this place as a percentage of turns spent in this place.
 D = Turns resting spent in this place as a percentage of non-inter-level travel turns spent in this place.
 E = Turns spent auto-exploring this place as a percentage of non-inter-level travel turns spent in this place.
 F = Non-inter-level travel turns spent in this place divided by the number of levels of this place that you've seen.
                   A       B       C       D       E      F
               +-------+-------+-------+-------+-------+----------------------
         Total | 100.0 | 100.0 |   4.8 |  43.2 |  39.7 | 525.0
       Dungeon | 100.0 | 100.0 |   4.8 |  43.2 |  39.7 | 525.0
               +-------+-------+-------+-------+-------+----------------------

Table legend:
 A = Kills in this place as a percentage of kills in entire the game.
 B = Kills by you in this place as a percentage of kills by you in the entire game.
 C = Kills by friends in this place as a percentage of kills by friends in the entire game.
 D = Other kills in this place as a percentage of other kills in the entire game.
 E = Experience gained in this place as a percentage of experience gained in the entire game.
 F = Experience gained in this place divided by the number of levels of this place that you have seen.
                   A       B       C       D       E      F
               +-------+-------+-------+-------+-------+----------------------
         Total | 100.0 | 100.0 | 100.0 |   N/A | 100.0 |  32.0
       Dungeon | 100.0 | 100.0 | 100.0 |   N/A | 100.0 |  32.0
               +-------+-------+-------+-------+-------+----------------------
